 Dungeon Crawl Stone Soup version 0.20-a0-809-gaf7f668 (webtiles) character file.

263 polly the Slasher (level 5, -4/45 HPs)
             Began as a Draconian Gladiator on Mar 3, 2017.
             Was an Initiate of Okawaru.
             Slain by an orc wizard
             ... wielding a +2 dagger of electrocution
              (20 damage)
             ... on level 3 of the Dungeon.
             The game lasted 00:02:46 (2056 turns).

polly the Slasher (Draconian Gladiator)             Turns: 2056, Time: 00:02:47

Health: -4/45      AC:  5    Str: 17    XL:     5   Next: 98%
Magic:  5/5        EV: 14    Int:  8    God:    Okawaru [......]
Gold:   186        SH:  0    Dex: 13    Spells: 4/4 levels left

rFire    . . .     SeeInvis .   a - +0 long sword
rCold    . . .     Gourm    .   (armour unavailable)
rNeg     . . .     Faith    .   (no shield)
rPois    .         Spirit   .   b - +0 hat
rElec    .         Reflect  .   (no cloak)
rCorr    .         Harm     .   (no gloves)
MR       .....                  (no boots)
Stlth    ++........             (no amulet)
Regen    0.2/turn               (no ring)
MPRegen  0.1/turn               (no ring)

@: no status effects
A: unfitting armour, cold-blooded, AC +5
a: Renounce Religion


You were on level 3 of the Dungeon.
You worshipped Okawaru.
Okawaru was noncommittal.
You were not hungry.

You visited 1 branch of the dungeon, and saw 3 of its levels.

You collected 186 gold pieces.

Inventory:

Hand Weapons
 a - a +0 long sword (weapon)
Missiles
 c - 3 throwing nets (quivered)
Armour
 b - a +0 hat (worn)
Jewellery
 m - a cursed amulet of inaccuracy {unknown}
Scrolls
 g - a scroll of identify {unknown}
 h - a scroll of immolation {unknown}
 j - a scroll of recharging {unknown}
 n - a scroll of amnesia {unknown}
 p - a scroll of magic mapping {unknown}
 q - 3 scrolls of remove curse {unknown}
Potions
 e - 2 potions of flight
 i - a potion of mutation {unknown}
 l - a potion of agility {unknown}
 o - a potion of degeneration {unknown}
 r - 2 potions of heal wounds {unknown}
Comestibles
 d - a bread ration
 f - 2 royal jellies
 k - 2 meat rations


   Skills:
 + Level 3.4 Fighting
 + Level 5.2 Long Blades
 + Level 2.0 Throwing
 + Level 3.8 Dodging
 + Level 1.1 Stealth


You had 4 spell levels left.
You didn't know any spells.

Dungeon Overview and Level Annotations

Branches:
Dungeon (3/15)

Altars:
Okawaru
Qazlal
Zin


Innate Abilities, Weirdness & Mutations

Your plain brown scales are hard. (AC +5)
You cannot fit into any form of body armour.
You are cold-blooded and may be slowed by cold attacks.


Message History

You are too injured to fight recklessly!
You are too injured to fight recklessly!
You are too injured to fight recklessly!
You are too injured to fight recklessly!
You are too injured to fight recklessly!
You are too injured to fight recklessly!
You are too injured to fight recklessly!
You are too injured to fight recklessly!
You are too injured to fight recklessly!
You are too injured to fight recklessly!
You are too injured to fight recklessly!
You are too injured to fight recklessly!
You are too injured to fight recklessly!
You are too injured to fight recklessly!
You are too injured to fight recklessly!
You hit the orc wizard. You tail-slap the orc wizard.
The orc wizard is heavily wounded.
The orc wizard hits you with a dagger of electrocution.
You are electrocuted!
You die...

#.... #...
#... ...
#..## ###..
..... .>.o#
....# #.#o#
....# #.#@#
....##.
#.#.# ......
#.#.#
..#.###
######.#.###
.......
...........#
.......
#######..#.#
#.#.##
####..#.#
..#.#
#.....#.#
#.#.####
#.#.....#


You could see an orc wizard and an orc.

Vanquished Creatures
  A jelly (D:1)
  An orc priest (D:3)
  Jessica (D:2)
  An orc wizard (D:3)
  6 adders
  4 oozes
  A worm (D:2)
  5 dart slugs
  A leopard gecko (D:3)
  4 orcs (D:3)
  2 giant cockroaches (D:1)
  5 goblins
  4 hobgoblins
  10 jackals
  3 ball pythons
  6 bats
  4 frilled lizards (D:2)
  9 kobolds
  3 rats
71 creatures vanquished.

Notes
Turn   | Place    | Note
-------+----------+-------------------------------------------
     0 | D:1      | polly the Draconian Gladiator began the quest for the Orb.
     0 | D:1      | Reached XP level 1. HP: 17/17 MP: 1/1
     1 | D:1      | Found a runed door.
    10 | D:1      | Noticed a jelly
    29 | D:1      | Killed a jelly
    29 | D:1      | Reached XP level 2. HP: 19/25 MP: 2/2
    29 | D:1      | Reached XP level 3. HP: 23/30 MP: 3/3
   253 | D:1      | Reached skill level 4 in Long Blades
   257 | D:1      | Reached XP level 4. HP: 35/37 MP: 4/4
   597 | D:2      | Found an iron altar of Okawaru.
   597 | D:2      | Found a glowing silver altar of Zin.
   597 | D:2      | Found a stormy altar of Qazlal.
   704 | D:2      | Became a worshipper of Warmaster Okawaru
   764 | D:2      | Noticed Jessica
   771 | D:2      | Killed Jessica
   888 | D:2      | Found a faded altar of an unknown god.
  1005 | D:2      | Reached XP level 5. HP: 45/45 MP: 5/5
  1519 | D:3      | Reached skill level 5 in Long Blades
  1732 | D:3      | Reached skill level 1 in Stealth
  2056 | D:3      | Slain by an orc wizard

Vault maps used:
D:1:      dpeg_arrival_caged_fury
D:2:      gammafunk_temple_overflow_claw, chequers_ecumenical_altar_lobes,
          uniq_jessica
D:3:      nicolae_qazlal_eye_of_the_storm, uniq_terence

Skill      XL: |  1  2  3  4  5 |
---------------+----------------+-----
Dodging        | 3 |  3.8
Throwing       | 2 |  2.0
Long Blades    | 4 5 |  5.2
Fighting       | 3 |  3.4
Stealth        | 1 |  1.1

Action                   |  1- 3 |  4- 6 || total
-------------------------+-------+-------++-------
Melee: Long sword        |    48 |   139 ||   187
       Tailslap          |     8 |    12 ||    20
Throw: Throwing net      |       |     1 ||     1
  Use: Potion            |       |     1 ||     1
 Stab: Sleeping          |     1 |     2 ||     3
  Eat: Chunk             |       |     4 ||     4
Armor: Skin              |    16 |    48 ||    64
Dodge: Dodged            |    35 |    92 ||   127
       Rpst.: Long sword |    14 |    33 ||    47
